 Dungeon Crawl Stone Soup version 0.28.0 (webtiles) character file.

Game seed: 6146642141061372966

30 Colgate the Caller (level 3, -4/14 HPs)
             Began as a Felid Summoner on Feb 11, 2022.
             Slain by Crazy Yiuf (18 damage)
             ... on level 2 of the Dungeon.
             The game lasted 00:06:10 (1638 turns).

Colgate the Caller (Felid Summoner)                 Turns: 1638, Time: 00:06:10

Health: -4/14      AC:  1    Str:  4    XL:     3   Next: 5%
Magic:  0/7        EV: 17    Int: 18    God:
Gold:   53         SH:  0    Dex: 16    Spells: 0/6 levels left
                                        Lives:  0   Deaths: 0

rFire   . . .      SeeInvis +   (weapon unavailable)
rCold   . . .      Faith    .   (shield unavailable)
rNeg    . . .      Spirit   +   (armour unavailable)
rPois   .          Reflect  .   (helmet unavailable)
rElec   .          Harm     .   (cloak unavailable)
rCorr   .          Rampage  .   (gloves unavailable)
Will    .....                   (boots unavailable)
Stlth   ++........              e - amulet of guardian spirit
HPRegen 0.04/turn               (no ring)
MPRegen 0.10/turn               (no ring)

@: quick
A: very small, claws 1, fangs 3, see invisible, speed 1, shaggy fur 1, stealthy
paws, no weapons or thrown items, no armour, multi-lived
a: no special abilities


You were on level 2 of the Dungeon.
You visited 1 branch of the dungeon, and saw 2 of its levels.

You collected 53 gold pieces.

Inventory:

Jewellery
 e - an amulet of guardian spirit (around neck)
Scrolls
 a - a scroll of amnesia {unknown}
 b - a scroll of identify {unknown}
 c - a scroll of enchant armour {unknown}
 d - a scroll of teleportation {unknown}


   Skills:
 - Level 2.6 Dodging
 - Level 2.6 Stealth
 - Level 2.0 Spellcasting
 + Level 5.0 Summonings


You couldn't memorise any spells.
You knew the following spells:

 Your Spells              Type           Power      Damage    Failure   Level
a - Summon Small Mammal   Summ           80%        N/A       2%          1
b - Call Imp              Summ           20%        N/A       3%          2
c - Call Canine Familiar  Summ           20%        N/A       7%          3

Your spell library contained the following spells:

 Spells                   Type           Power      Damage    Failure   Level
 Summon Guardian Golem    Hex/Summ       10%        N/A       19%         3
 Summon Lightning Spire   Summ/Air       10%        N/A       54%         4


Dungeon Overview and Level Annotations

Branches:
Dungeon (2/15)

Altars:

Annotations:
D:2 Crazy Yiuf


Innate Abilities, Weirdness & Mutations

You have sharp claws.
You have razor-sharp teeth.
You have supernaturally acute eyesight. (SInv)
You cover ground quickly. (Speed+)
You are covered in fur. (AC +1)
Your paws help you pounce on unaware monsters.
You are incapable of wielding weapons or throwing items.
You cannot wear armour.
You gain extra lives every three experience levels.


Message History

You swap places.
You see here a +2 mace of protection.
You see here a +0 mace.
You see here a +0 mace.
You see here a +0 mace.
You see here a +0 mace.
You see here a +0 mace.
You see here a +0 mace of draining.
You see here a +0 mace.
You see here the +7 mace of Eternal Vigilance {spect, rPois Stlth+}.
Found a mace.
Found a runed translucent door.
Level annotation: 1 runed translucent door, Crazy Yiuf Welcome back, Colgate the Felid Summoner.
Press ? for a list of commands and other information.
Crazy Yiuf shouts!
Cast which spell? (? or * to list)
A beastly little devil appears in a puff of frigid air.
You open the door.
Crazy Yiuf drinks a potion.
Crazy Yiuf goes berserk!
You swap places.
What are your orders? t - Meow!
Orders for allies: a - Attack new target. r - Retreat! s - Stop attacking. g - Guard the area. f - Follow me.
Anything else - Cancel.
Gang up on whom?
Press: ? - help, Dir - move target, f - Crazy Yiuf
Aim: Crazy Yiuf, wielding a +4 quarterstaff of chaos and wearing a +0 cloak (berserk) Attack!
Crazy Yiuf rages.
Crazy Yiuf hits your white imp with a +4 quarterstaff of chaos!!
Crazy Yiuf burns your white imp!
Your white imp dies!
Your white imp disappears in a puff of smoke!
Casting: Call Imp (safe; 3% risk of failure)
Confirm with . or Enter, or press ? or * to list all spells.
A beastly little devil appears in a puff of flame.
Crazy Yiuf hits you with a +4 quarterstaff of chaos!!
Ouch! That really hurt!
You die...

#.# #.# #.# #.# #<#
#.##♣♣ ###
########)#)P♣♣ ♣♣#..)#
....>.....)))♣♣♣♣5'...#
########).))P5♣@g♣#...#
###)P.♣.♣♣♣ ### ##♣♣♣♣♣


You could see Crazy Yiuf (berserk, ally target) and a friendly crimson imp
(summoned).

Vanquished Creatures
  A rat (D:1)
1 creature vanquished.

Vanquished Creatures (collateral kills)
  A dart slug (D:1)
  5 ball pythons (D:1)
  A bat (D:1)
  3 endoplasms (D:1)
  3 giant cockroaches (D:1)
  2 goblins (D:1)
  A hobgoblin (D:1)
  4 jackals (D:1)
  A kobold (D:2)
  A rat (D:1)
22 creatures vanquished.

Grand Total: 23 creatures vanquished

Notes
Turn   | Place    | Note
-------+----------+-------------------------------------------
     0 | D:1      | Colgate the Felid Summoner began the quest for the Orb.
     0 | D:1      | Reached XP level 1. HP: 7/7 MP: 4/4
   427 | D:1      | Reached XP level 2. HP: 11/11 MP: 3/6
   430 | D:1      | Learned a level 2 spell: Call Imp
  1287 | D:1      | Found a faded altar of an unknown god.
  1289 | D:1      | Reached skill level 5 in Summonings
  1304 | D:1      | Reached XP level 3. HP: 10/14 MP: 5/7
  1308 | D:1      | Learned a level 3 spell: Call Canine Familiar
  1627 | D:2      | Identified the +7 mace of Eternal Vigilance {spect, rPois
                  | Stlth+}
  1629 | D:2      | Found a runed translucent door.
  1630 | D:2      | Noticed Crazy Yiuf
  1638 | D:2      | Slain by Crazy Yiuf

Illustrated notes

Levels and vault maps discovered:
D:1:      dpeg_arrival_prison, layout_basic, nicolae_ecumenical_snake_handling,
          palyth_stone_intersect, nrook_mini_backslash, chequers_garden
D:2:      layout_loops_ring, serial_park_tiny_2, uniq_crazy_yiuf_cottage

Skill      XL: |  1  2 |
---------------+-------+-----
Summonings     | 5 |  5.0
Dodging        | |  2.6
Stealth        | |  2.6
Spellcasting   | |  2.0

Action                   || total
-------------------------++-------
Melee: Unarmed           ||     8
 Cast: Summon Small Mamm ||    16
       Call Imp          ||    17
 Stab: Sleeping          ||     1
Armor: Skin              ||     1
Dodge: Dodged            ||    21
